 Dungeon Crawl Stone Soup version 0.28.0-53-g5a82cb258f (webtiles) character file.

Game seed: 3867550598446487321

150 Peloso the Covered (level 5, -3/47 HPs)
             Began as a Minotaur Fighter on May 25, 2022.
             Was an Initiate of Okawaru.
             Asphyxiated
             ... on level 3 of the Dungeon.
             The game lasted 00:02:58 (2550 turns).

Peloso the Covered (Minotaur Fighter)               Turns: 2550, Time: 00:03:00

Health: -3/47      AC:  9    Str: 20    XL:     5   Next: 10%
Magic:  4/4        EV:  7    Int:  5    God:    Okawaru [......]
Gold:   129        SH:  5    Dex: 12    Spells: 4/4 levels left

rFire   . . .      SeeInvis .   a - +0 long sword
rCold   . . .      Faith    .   c - +0 buckler
rNeg    . . .      Spirit   .   l - +0 chain mail
rPois   .          Reflect  .   (helmet restricted)
rElec   .          Harm     .   (no cloak)
rCorr   .          Rampage  .   (no gloves)
Will    .....                   (no boots)
Stlth   ..........              (no amulet)
HPRegen 0.15/turn               (no ring)
MPRegen 0.09/turn               (no ring)

@: lethally poisoned (-3 -> -25), slowed, very slow
A: horns 2, retaliatory headbutt
a: Renounce Religion


You were on level 3 of the Dungeon.
You worshipped Okawaru.
Okawaru was noncommittal.
You visited 1 branch of the dungeon, and saw 3 of its levels.

You collected 129 gold pieces.

Inventory:

Hand Weapons
 a - a +0 long sword (weapon)
 g - a +0 hand crossbow
Armour
 b - a +0 scale mail
 c - a +0 buckler (worn)
 l - a +0 chain mail (worn)
Jewellery
 h - a ring of wizardry
Scrolls
 i - 3 scrolls of identify {unknown}
 j - a scroll of torment {unknown}
 m - a scroll of fog {unknown}
Potions
 d - a potion of might
 e - a potion of mutation {unknown}
 f - a potion of cancellation {unknown}
 k - a potion of heal wounds {unknown}


   Skills:
 + Level 4.3 Fighting
 + Level 4.1 Long Blades
 + Level 4.7 Armour
 + Level 1.2 Dodging
 + Level 4.3 Shields


You had 4 spell levels left.
You didn't know any spells.
Your spell library was empty.

Dungeon Overview and Level Annotations

Branches:
Dungeon (3/15)

Altars:
Nemelex Xobeh
Okawaru
Trog
Uskayaw
Wu Jian
Xom

Annotations:
D:3 Pargi


Innate Abilities, Weirdness & Mutations

You have a pair of horns on your head.
You reflexively headbutt those who attack you in melee.


Message History

The kobold brigand shouts!
The kobold brigand throws a curare-tipped dart.
The curare-tipped dart barely misses you.
Pargi the Meek comes into view.
There are monsters nearby!
There are monsters nearby!
Unknown command.
The kobold brigand throws a curare-tipped dart.
The curare-tipped dart hits you.
You are poisoned.
You have difficulty breathing.
You feel yourself slow down.
You feel very sick.
You feel sick.
The kobold brigand throws a curare-tipped dart.
The curare-tipped dart hits you.
You are more poisoned.
You have difficulty breathing.
You feel as though you will be slow longer.
You feel very sick.
You feel very sick.
You feel sick.
You feel sick.
You feel sick.
You feel sick.
You are no longer poisoned.
The kobold brigand throws a curare-tipped dart.
The curare-tipped dart hits you.
You are poisoned.
You have difficulty breathing.
* * * LOW HITPOINT WARNING * * *
You feel as though you will be slow longer.
* * * LOW HITPOINT WARNING * * *
You feel very sick.
* * * LOW HITPOINT WARNING * * *
You feel very sick.
The kobold brigand throws a curare-tipped dart.
The curare-tipped dart hits you.
You are more poisoned.
You have difficulty breathing.
You die...

#........########### #.≈≈≈≈≈≈≈
#.#._.#....###.K...### ≈≈≈≈≈≈≈##
#....................######≈###
##.#.#.#......#####.......###...
#...#)..######≈≈≈###..........#
###.....# #≈≈≈≈≈≈≈≈######...###
#.....# ##≈≈≈≈≈≈≈≈≈..######.#
#...).######≈≈≈.............#
#.......K...@..#<..........##
#..###########........##.####
#..#.........#.<.......#.....
#..#....#....###)......######
#..#.#..#..#.# #.......#
#..#.#..#..#.####.....##
#..'≈≈≈≈_≈≈≈≈'.##.....##
#..#.#..#..#.#.........#
####.#..#..#.###.......#


You could see a kobold brigand.

Vanquished Creatures
  An orc priest (D:2)
  Jessica (D:2)
  3 adders
  A worm (D:2)
  3 dart slugs
  5 orcs
  3 ball pythons (D:1)
  2 bats (D:2)
  4 endoplasms
  A giant cockroach (D:3)
  4 goblins
  6 hobgoblins
  2 jackals (D:1)
  12 kobolds
  2 quokkas
  A frilled lizard (D:1)
  2 rats
53 creatures vanquished.

Notes
Turn   | Place    | Note
-------+----------+-------------------------------------------
     0 | D:1      | Peloso the Minotaur Fighter began the quest for the Orb.
     0 | D:1      | Reached XP level 1. HP: 19/19 MP: 0/0
   306 | D:1      | Reached XP level 2. HP: 27/27 MP: 1/1
   959 | D:2      | Noticed Jessica
   965 | D:2      | Killed Jessica
   966 | D:2      | Reached XP level 3. HP: 26/33 MP: 2/2
  1500 | D:2      | Reached skill level 1 in Dodging
  1500 | D:2      | Reached XP level 4. HP: 31/40 MP: 3/3
  1929 | D:3      | Found a faded altar of an unknown god.
  1952 | D:3      | Found an iron altar of Okawaru.
  1966 | D:3      | Became a worshipper of Warmaster Okawaru
  2166 | D:3      | Found a shimmering altar of Xom.
  2166 | D:3      | Found a faded altar of an unknown god.
  2173 | D:3      | Found a faded altar of an unknown god.
  2175 | D:3      | Found a hide-covered altar of Uskayaw.
  2177 | D:3      | Found a sparkling altar of Nemelex Xobeh.
  2252 | D:3      | Found an ornate altar of the Wu Jian Council.
  2300 | D:3      | Reached XP level 5. HP: 46/47 MP: 4/4
  2354 | D:3      | Found a bloodstained altar of Trog.
  2523 | D:3      | Noticed Pargi
  2550 | D:3      | Asphyxiated

Illustrated notes

Levels and vault maps discovered:
D:1:      dpeg_arrival_refuge, layout_loops_ring
D:2:      layout_rooms, uniq_jessica
D:3:      cheibrodos_thug_alley, layout_rooms, mainiacjoe_overflow_tiny_flanked,
          mainiacjoe_overflow_chevrons, lemuel_doored_altar,
          chequers_temple_overflow_minitemple,
          shapermc_ecumenical_altar_notcrosses, minmay_misc_feat_diagonals,
          corexii_hall_statues_i, uniq_pargi

Skill      XL: |  1  2  3  4  5 |
---------------+----------------+-----
Fighting       | 4 |  4.3
Long Blades    | 3 4 |  4.1
Armour         | 4 |  4.7
Shields        | 4 |  4.3
Dodging        | 1 |  1.2

Action                   |  1- 3 |  4- 6 || total
-------------------------+-------+-------++-------
Melee: Long sword        |    50 |    64 ||   114
       Headbutt          |     5 |     8 ||    13
Armor: Scale mail        |    19 |    13 ||    32
       Chain mail        |       |     4 ||     4
Dodge: Dodged            |    32 |    38 ||    70
Block: Buckler           |    16 |    12 ||    28
